 Dungeon Crawl Stone Soup version 0.31.0-12-g77e489cdc1 (webtiles) character file.

Game seed: 4646416035145154882

101 Gadfly the Apothecary (level 4, -1/25 HPs)
             Began as a Deep Elf Alchemist on Feb 22, 2024.
             Killed by psychic fangs
             ... invoked by a brain worm
              (6 damage)
             ... in a sewer.
             The game lasted 00:03:20 (2695 turns).

Gadfly the Apothecary (Deep Elf Alchemist)          Turns: 2695, Time: 00:03:21

Health: -1/25      AC:  2    Str:  5    XL:     4   Next: 48%
Magic:  3/11       EV: 13    Int: 22    God:
Gold:   79         SH:  0    Dex: 15    Spells: 3/10 levels left

rFire   . . .        e - +0 trident
rCold   . . .        (no shield)
rNeg    . . .        a - +0 robe
rPois   .            (no helmet)
rElec   .            (no cloak)
rCorr   .            (no gloves)
SInv    .            (no boots)
Will    .....        (no amulet)
Stlth   ++           (no ring)
HPRegen 0.24/turn    (no ring)
MPRegen 0.12/turn

%: no passive effects
@: very slightly contaminated
A: no striking features
a: no special abilities


You were in a sewer.
You visited 1 branch of the dungeon, and saw 3 of its levels.
You also visited: Sewer.

You collected 79 gold pieces.

Inventory:

Hand Weapons
 e - a +0 trident (weapon)
 g - a +0 long sword
Armour
 a - a +0 robe (worn)
Scrolls
 h - a scroll of amnesia
 j - a scroll of enchant armour {unknown}
 k - a scroll of brand weapon {unknown}
Potions
 b - a potion of magic
 c - a potion of lignification {unknown}
 d - a potion of haste
 f - a potion of cancellation {unknown}
 i - a potion of brilliance {unknown}


   Skills:
 + Level 1.1 Fighting
 + Level 3.2 Dodging
 - Level 2.4 Stealth
 + Level 3.5 Spellcasting
 + Level 1.7 Conjurations
 + Level 1.5 Fire Magic
 + Level 3.7 Alchemy
 + Level 1.4 Evocations


You had 3 spell levels left.
You knew the following spells:

 Your Spells              Type           Power      Damage    Failure   Level
a - Sting                 Conj/Alch      64%        1d7       3%          1
b - Mercury Vapours       Alch/Air       24%        N/A       9%          2
c - Olgreb's Toxic Radia  Alch           20%        N/A       26%         4

Your spell library contained the following spells:

 Spells                   Type           Power      Damage    Failure   Level
 Mephitic Cloud           Conj/Alch/Air  12%        N/A       17%         3
 Sticky Flame             Fire/Alch      15%        2d5       36%         4
 Haunt                    Necr/Summ      1%         N/A       100%        7
 Borgnjor's Revivificati  Necr           1%         N/A       100%        8
 Death's Door             Necr           1%         N/A       100%        9


Dungeon Overview and Level Annotations

Branches:
Dungeon (3/15)              Sewer (1/1)

Altars:


Message History

You feel your power leaking away.
A brain worm is nearby!
A brain worm is nearby!
A brain worm is nearby!
You enter the shallow water.
Moving in this stuff is going to be slow.
A rat and 2 river rats come into view.
The river rat squeaks loudly. x2; You hear an angry hiss.
You reach to attack!
The rat squeaks loudly.
You hit the river rat.
The river rat is heavily wounded.
The brain worm's throbbing head pulsates.
Something gnaws on your mind!
You feel your power leaking away.
The brain worm's throbbing head pulsates.
Something gnaws on your mind!
You feel your power leaking away. The river rat bites you.
* * * LOW HITPOINT WARNING * * *
Casting: Sting (safe; 3% risk of failure)
Confirm with . or Enter, or press ? or * to list all spells.
Aiming: Sting (safe; 3% risk of failure)
Press: ? - help, Shift-Dir - straight line, f/p - river rat
Aim: a river rat (heavily wounded, 71% to hit)
The sting hits the river rat but does no damage.
The river rat is poisoned.
The river rat is heavily wounded.
The river rat closely misses you.
Casting: Sting (safe; 3% risk of failure)
Confirm with . or Enter, or press ? or * to list all spells.
Aiming: Sting (safe; 3% risk of failure)
Press: ? - help, Shift-Dir - straight line, f/p - river rat
Aim: a river rat (severely wounded, poisoned, 71% to hit)
You miscast Sting.
You are very lightly contaminated with residual magic.
Nothing appears to happen.
The brain worm's bulging head throbs.
Something gnaws on your mind!
You die...

#r #r #. #~ #. #~
######.##################
~~.w~~~r@.~......~......~
~~~~~~~.~~....~.........~
#################.#######
##.## #. ##.##.# ##.#~##
#~#.#~~ ######.# #.###†.#


You could see a brain worm and a river rat (poisoned).

Vanquished Creatures
  A river rat (Sewer)
  2 adders (D:2)
  A dart slug (D:2)
  3 ribbon worms (D:2)
  An orc (D:3)
  6 ball pythons
  5 bats
  3 endoplasms
  8 giant cockroaches
  2 goblins
  4 hobgoblins
  4 jackals (D:2)
  3 kobolds (D:1)
  3 quokkas
  7 frilled lizards
  8 rats
61 creatures vanquished.

Notes
Turn   | Place    | Note
-------+----------+-------------------------------------------
     0 | D:1      | Gadfly the Deep Elf Alchemist began the quest for the Orb.
     0 | D:1      | Reached XP level 1. HP: 10/10 MP: 6/6
   425 | D:1      | Reached XP level 2. HP: 15/15 MP: 4/8
   428 | D:1      | Learned a level 2 spell: Mercury Vapours
   823 | D:1      | Reached skill level 1 in Fire Magic
  1501 | D:2      | Reached XP level 3. HP: 18/20 MP: 3/9
  1822 | D:2      | Reached skill level 1 in Evocations
  2053 | D:2      | Reached skill level 1 in Fighting
  2095 | D:2      | Reached XP level 4. HP: 25/25 MP: 3/11
  2100 | D:2      | Learned a level 4 spell: Olgreb's Toxic Radiance
  2466 | D:3      | Found a glowing drain.
  2470 | Sewer    | Entered a sewer
  2690 | Sewer    | Noticed a brain worm
  2695 | Sewer    | Killed from afar by a brain worm

Illustrated notes

Levels and vault maps discovered:
D:1:      evilmike_arrival_rings, layout_basic, hangedman_decor_points,
          minmay_pentomino_x2
D:2:      layout_loops_ring
D:3:      layout_loops_cross, gup_sewer_entry_bowl
Sewer:    sewer_co_cracked_pipes

Skill      XL: |  1  2  3 |
---------------+----------+-----
Fire Magic     | 1 |  1.5
Evocations     | 1 |  1.4
Dodging        | 3 |  3.2
Fighting       | 1 |  1.1
Stealth        | |  2.4
Spellcasting   | |  3.5
Conjurations   | |  1.7
Alchemy        | |  3.7

Action                     |  1- 3 |  4- 6 || total
---------------------------+-------+-------++-------
  Melee: Unarmed           |    15 |       ||    15
         Trident           |    58 |    13 ||    71
         Punch             |     1 |       ||     1
   Cast: Sting             |    62 |    31 ||    93
    Use: Scroll            |     1 |     1 ||     2
   Stab: Sleeping          |     2 |       ||     2
 Armour: Robe              |    49 |     9 ||    58
  Dodge: Dodged            |    96 |    11 ||   107
